 Dungeon Crawl Stone Soup version 0.17.1-1-g73c8601 (webtiles) character file.

33 ricardofg the Magician (level 3, 0/19 HPs)
             Began as a Gargoyle Wizard on Apr 27, 2016.
             Slain by a worm (7 damage)
             ... on level 2 of the Dungeon.
             The game lasted 00:04:18 (1410 turns).

ricardofg the Magician (Gargoyle Wizard)            Turns: 1410, Time: 00:04:18

Health: 0/19       AC:  5    Str: 10    XL:     3   Next: 29%
Magic:  3/8        EV: 11    Int: 19    God:
Gold:   40         SH:  0    Dex:  8    Spells: 4 memorised, 0 levels left

rFire  . . .     SeeInvis .     h - -2 hand axe (curse)
rCold  . . .     Clarity  .     a - +0 robe
rNeg   + . .     SustAt   .     (no shield)
rPois  ∞         Gourm    .     b - +0 hat
rElec  +         Spirit   .     (no cloak)
rCorr  .         Warding  .     (no gloves)
rMut   .         Stasis   .     (no boots)
MR     .....                    (no amulet)
Stlth  +.........               (no ring)
                                i - ring of loudness (curse)

@: very slightly contaminated, not resistant to hostile enchantments, very
unstealthy
A: negative energy resistance 1, electricity resistance, unbreathing,
petrification resistance, rot immunity, AC +3
a: no special abilities


You were on level 2 of the Dungeon.
You were hungry.

You visited 1 branch of the dungeon, and saw 2 of its levels.

You collected 40 gold pieces.

Inventory:

Hand Weapons
 e - a +0 club
 f - a cursed -2 whip
 h - a cursed -2 hand axe (weapon)
Armour
 a - a +0 robe (worn)
 b - a +0 hat (worn)
Jewellery
 i - a cursed ring of loudness (left hand)
Scrolls
 g - a scroll of recharging
Potions
 j - 2 potions of cure mutation {unknown}
 l - a potion of flight {unknown}
 m - a potion of curing {unknown}
 o - a potion of haste {unknown}
Books
 c - a book of Minor Magic

   Spells                             Type                      Level
   a - Magic Dart                     Conjuration                  1
   b - Blink                          Translocation                2
   c - Call Imp                       Summoning                    2
   d - Repel Missiles                 Charms/Air                   2
   e - Slow                           Hexes                        2
   f - Conjure Flame                  Conjuration/Fire             3
   g - Mephitic Cloud                 Conjuration/Poison/Air       3
Comestibles
 d - a bread ration
 n - a meat ration


   Skills:
 - Level 1.5 Dodging
 - Level 2.1 Stealth
 + Level 3.5 Spellcasting
 + Level 2.4 Conjurations
   Level 0.8 Summonings
   Level 0.8 Translocations


You couldn't memorise any spells.
You knew the following spells:

 Your Spells              Type           Power        Failure   Level  Hunger
a - Magic Dart            Conj           ##..         8%          1    None
b - Repel Missiles        Chrm/Air       #.....       24%         2    ##.....
c - Conjure Flame         Conj/Fire      #.......     28%         3    ###....
d - Mephitic Cloud        Conj/Pois/Air  #.......     34%         3    ###....


Dungeon Overview and Level Annotations

Branches:
Dungeon (2/15)

Altars:


Innate Abilities, Weirdness & Mutations

You are resistant to torment.
Your stone body is resilient (AC +3).
You are immune to poison.
You resist negative energy.
You are resistant to electric shocks.
You can survive without breathing.
You are immune to petrification.
You are immune to rotting.


Message History

Aiming: Magic Dart
Press: ? - help, Shift-Dir - straight line, f/p - worm
Aim: a worm The magic dart hits the worm.
The worm is lightly wounded.
The giant newt bites you but does no damage.
You closely miss the giant newt. The giant newt barely misses you.
You barely miss the giant newt. The giant newt barely misses you.
The giant newt barely misses you.
You barely miss the giant newt.
The giant newt bites you but does no damage.
You closely miss the giant newt. The giant newt barely misses you.
You closely miss the giant newt. The giant newt closely misses you.
The giant newt misses you.
You slash the giant newt!
You kill the giant newt!
You hit the worm.
The worm is lightly wounded.
The worm bites you!
You die...

#.<.# #..........
###...### #.....#..#.
#.......# #.....##...
#.......##
#####..†...##..
###......###
#...#..........
#...##...###
#...#..########
#...####...####.....##
###.# ###..##.....##
..# ##.@w.....# ..#
#####....# #.....#
#[...... ######... #..
#.


You could see a worm.

Vanquished Creatures
  A giant cockroach (D:1)
  7 hobgoblins (D:1)
  5 kobolds (D:1)
  3 bats (D:1)
  2 giant geckos (D:1)
  4 giant newts
  5 goblins
  3 rats
30 creatures vanquished.

Notes
Turn   | Place    | Note
--------------------------------------------------------------
     0 | D:1      | ricardofg the Gargoyle Wizard began the quest for the Orb.
     0 | D:1      | Reached XP level 1. HP: 10/10 MP: 4/4
   560 | D:1      | Reached XP level 2. HP: 7/15 MP: 6/6
  1019 | D:1      | Reached XP level 3. HP: 15/19 MP: 4/8
  1023 | D:1      | Learned a level 2 spell: Repel Missiles
  1027 | D:1      | Learned a level 3 spell: Conjure Flame
  1031 | D:1      | Learned a level 3 spell: Mephitic Cloud
  1410 | D:2      | Slain by a worm

Action                   || total
-------------------------++-------
Melee: Hand axe          ||    88
 Cast: Magic Dart        ||    19
  Use: Scroll            ||     4
 Stab: Sleeping          ||     1
  Eat: Chunk             ||     1
